 Dungeon Crawl Stone Soup version 0.18-a0-1677-g2bdad6c (webtiles) character file.

140 Science the Skirmisher (level 5, -7/46 HPs)
             Began as a Demonspawn Wanderer on Apr 2, 2016.
             Mangled by an orc
             ... wielding a +0 flail
              (9 damage)
             ... on level 3 of the Dungeon.
             The game lasted 00:05:35 (2636 turns).

Science the Skirmisher (Demonspawn Wanderer)        Turns: 2636, Time: 00:05:36

Health: -7/46      AC:  1    Str:  9    XL:     5   Next: 2%
Magic:  8/8        EV: 11    Int: 15    God:
Gold:   86         SH:  0    Dex: 15    Spells: 0 memorised, 8 levels left

rFire  . . .     SeeInvis .     a - +2 spear
rCold  . . .     Gourm    .     k - -1 robe (curse)
rNeg   . . .     Faith    .     (no shield)
rPois  .         Spirit   .     (helmet restricted)
rElec  .         Dismiss  .     (no cloak)
rCorr  .         Reflect  .     (no gloves)
SustAt .         Harm     .     (no boots)
MR     .....                    (no amulet)
Stlth  +.........               (no ring)
                                (no ring)

@: not resistant to hostile enchantments, very unstealthy
A: antennae 1, powered by pain 1
a: no special abilities


You were on level 3 of the Dungeon.
You were not hungry.

You visited 1 branch of the dungeon, and saw 3 of its levels.

You collected 86 gold pieces.

Inventory:

Hand Weapons
 a - a +2 spear (weapon)
 b - a +0 quarterstaff
 c - a +0 hand axe
Armour
 d - a +0 robe
 k - a cursed -1 robe (worn)
Wands
 j - a wand of iceblast (6/15)
Scrolls
 g - a scroll of identify
 i - a scroll of magic mapping
Potions
 e - a potion of curing
Comestibles
 f - a bread ration
 h - a meat ration
 l - 4 fruits


   Skills:
 + Level 5.7 Fighting
 - Level 1.7 Polearms
 - Level 2.0 Spellcasting
   Level 1.1 Necromancy
 - Level 2.0 Evocations


You had 8 spell levels left.
You didn't know any spells.

Dungeon Overview and Level Annotations

Branches:
Dungeon (3/15)

Altars:
Pakellas
Sif Muna
Yredelemnul


Innate Abilities, Weirdness & Mutations

You have a pair of small antennae on your head.
You sometimes gain a little power by taking damage.


Message History

The orc hits you with a short sword.
You barely miss the orc. The orc hits you with a flail.
The orc hits you but does no damage.
You hit the orc.
The orc is lightly wounded.
The orc hits you. The orc hits you but does no damage.
The orc hits you with a short sword.
* * * LOW HITPOINT WARNING * * *
You are too injured to fight recklessly!
You are too injured to fight recklessly!
You are too injured to fight recklessly!
You are too injured to fight recklessly!
You barely miss the orc.
The orc is lightly wounded.
The orc wizard gestures at you while chanting.
The magic dart hits you!
* * * LOW HITPOINT WARNING * * *
The orc barely misses you. The orc completely misses you.
The orc hits you with a flail!
You die...

≈≈≈**,,,.......##.......#..######
*≈,,***,*.....#....####..........
*≈≈,,,,,**#.....#..# #..........
*≈≈***,..,*#......#####..........
≈≈≈***,*#.##.........####..######
≈,≈#.,,##............# #..##
,.....>......[.......###.)#
,$.....*###..#o###.####...#
,...............@#.##.....#
,...=..###...[.ooo..#.....#
,...........##...........(###
,*#........###..(...........#
,***#.§..)..................#
,####.#.....................#
,#....#..§...............)..#
,.....§§§§.................)#**
,######.......................#*


You could see an orc wizard and 3 orcs.

Vanquished Creatures
  An orc priest (D:3)
  2 adders
  A gnoll (D:1)
  2 worms
  A dart slug (D:1)
  A giant gecko (D:2)
  4 orcs
  2 giant cockroaches
  8 goblins
  12 hobgoblins
  5 jackals
  10 bats
  6 giant newts
  7 kobolds
  8 rats
70 creatures vanquished.

Notes
Turn   | Place    | Note
--------------------------------------------------------------
     0 | D:1      | Science the Demonspawn Wanderer began the quest for the Orb.
     0 | D:1      | Science set off with: a +2 spear, a +0 quarterstaff, a potion of lignification, a +0 robe, a bread ration
     0 | D:1      | Reached XP level 1. HP: 18/18 MP: 3/3
    69 | D:1      | Gained mutation: You have a pair of small antennae on your head. [demonic ancestry]
    69 | D:1      | Reached XP level 2. HP: 12/25 MP: 5/5
   264 | D:1      | Reached skill level 4 in Fighting
   515 | D:1      | Reached XP level 3. HP: 30/30 MP: 6/6
  1264 | D:2      | Found an oddly glowing altar of Pakellas.
  1386 | D:2      | Found a basalt altar of Yredelemnul.
  1482 | D:2      | Reached XP level 4. HP: 38/38 MP: 7/7
  1530 | D:2      | Reached skill level 5 in Fighting
  2351 | D:3      | Gained mutation: You sometimes gain a little power by taking damage. [demonic ancestry]
  2351 | D:3      | Reached XP level 5. HP: 14/46 MP: 8/8
  2577 | D:3      | Found a deep blue altar of Sif Muna.
  2636 | D:3      | HP: 2/46 [orc wizard/magic dart (7)]
  2636 | D:3      | Mangled by an orc

Vault maps used:
D:1:      elethiomel_arrival_infinity_welcomes_careful_drivers, st_stairs_9
D:2:      grunt_pakellas_salt, nicolae_overflow_crystal_walls
D:3:      nicolae_overflow_hidden_temple, kennysheep_boxes

Skill      XL: |  1  2  3  4 |
---------------+-------------+-----
Fighting       | 4 5 |  5.7
Polearms       | |  1.7
Spellcasting   | |  2.0
Necromancy     | |  1.1
Evocations     | |  2.0

Action                   |  1- 3 |  4- 6 || total
-------------------------+-------+-------++-------
Melee: Spear             |   133 |   106 ||   239
Evoke: Wand              |       |     1 ||     1
  Use: Potion            |       |     7 ||     7
       Scroll            |       |     5 ||     5
 Stab: Sleeping          |     4 |     1 ||     5
  Eat: Chunk             |     2 |       ||     2
       Meat ration       |       |     1 ||     1
